 Dungeon Crawl Stone Soup version 0.24.0-13-gcf9b3192b9 (webtiles) character file.

Game seed: 4339159521796293936, levelgen mode: deterministic

5 OleJ the Ducker (level 1, -2/10 HPs)
             Began as a Felid Abyssal Knight on Nov 10, 2019.
             Was a Follower of Lugonu.
             Slain by a leopard gecko (3 damage)
             ... on level 1 of the Dungeon.
             The game lasted 00:00:59 (455 turns).

OleJ the Ducker (Felid Abyssal Knight)               Turns: 455, Time: 00:01:00

Health: -2/10      AC:  1    Str:  8    XL:     1   Next: 66%
Magic:  3/3        EV: 18    Int: 13    God:    Lugonu [*.....]
Gold:   56         SH:  0    Dex: 15    Spells: 0/0 levels left
                                        Lives:  0   Deaths: 0

rFire    . . .     SeeInvis +     - Unarmed
rCold    . . .     Gourm    .   (shield unavailable)
rNeg     . . .     Faith    .   (armour unavailable)
rPois    .         Spirit   .   (helmet unavailable)
rElec    .         Reflect  .   (cloak unavailable)
rCorr    .         Harm     .   (gloves unavailable)
MR       .....                  (boots unavailable)
Stlth    ++........             (no amulet)
HPRegen  0.03/turn              (no ring)
MPRegen  0.08/turn              (no ring)

@: quick
A: very small, no armour, no weapons or thrown items, stealth, claws 1, fangs 3,
see invisible, carnivore, speed 1, shaggy fur 1, slow metabolism 1, sharp paws
a: Depart the Abyss, Renounce Religion


You were on level 1 of the Dungeon.
You worshipped Lugonu.
Lugonu was aware of your devotion.
You were full.

You visited 1 branch of the dungeon, and saw 1 of its levels.
You visited the Abyss 1 time.

You collected 56 gold pieces.

Inventory:

Jewellery
 c - an uncursed amulet of regeneration {unknown}
 f - a cursed ring of ice {unknown}
Scrolls
 d - a scroll of identify {unknown}
 e - a scroll of fog {unknown}
Potions
 b - a potion of berserk rage {unknown}
 g - a potion of resistance {unknown}
Comestibles
 a - 2 rations


   Skills:
 + Level 3.1 Fighting
 + Level 3.3 Dodging
 + Level 2.1 Unarmed Combat
 + Level 1.9 Invocations


You couldn't memorise any spells.
You didn't know any spells.
Your spell library was empty.

Dungeon Overview and Level Annotations

Branches:
Dungeon (1/15)

Altars:


Innate Abilities, Weirdness & Mutations

You cannot wear armour.
You are incapable of wielding weapons or throwing items.
Your paws allow you to move quietly. (Stealth)
You have sharp claws.
You have razor-sharp teeth.
You have supernaturally acute eyesight. (SInv)
You are carnivorous and can eat meat at any time.
You cover ground quickly.
You are covered in fur. (AC +1)
You have a slow metabolism.
Your sharp claws are effective at attacking unaware monsters.


Message History

* * * LOW HITPOINT WARNING * * *
Found a ration.
A leopard gecko comes into view.
The leopard gecko hisses angrily.
The leopard gecko completely misses you.
You see here a ration.
You closely miss the leopard gecko. The leopard gecko misses you.
You miss the leopard gecko. The leopard gecko misses you.
You scratch the leopard gecko.
The leopard gecko is severely wounded.
The leopard gecko closely misses you.
You miss the leopard gecko.
The leopard gecko is severely wounded.
The leopard gecko misses you.
You closely miss the leopard gecko.
The leopard gecko is severely wounded.
The leopard gecko bites you.
* * * LOW HITPOINT WARNING * * *
The leopard gecko bites you.
You die...

....J......####.##
....#.........J..#
....#..)...#.##.##
....+.....##+##.#####
....#....)#.........#
....#######.........#
....### ............#
..#...#.....##.l..###
..#...#.....##..@.#
..#...#.....##....#
..#...#.....##....#
#.#.........########
#..................#
...................#
#.#................#
#..................#
....#######........###


You could see an ooze and a leopard gecko.

Vanquished Creatures
  A giant cockroach (D:1)
  A bat (D:1)
  5 rats (D:1)
7 creatures vanquished.

Notes
Turn   | Place    | Note
-------+----------+-------------------------------------------
     0 | Abyss:1  | OleJ the Felid Abyssal Knight began the quest for the Orb.
     0 | Abyss:1  | Reached XP level 1. HP: 10/10 MP: 3/3
   102 | D:1      | Escaped the Abyss
   245 | D:1      | Reached * piety under Lugonu
   455 | D:1      | Slain by a leopard gecko

Levels and vault maps discovered:
D:1:      onia_arrival_larder, layout_basic, nrook_mini_backslash,
          chequers_serial_rivers_micro_e

Action                   || total
-------------------------++-------
Melee: Unarmed           ||    25
Invok: Depart the Abyss  ||     1
 Stab: Sleeping          ||     2
  Eat: Chunk             ||     3
Armor: Skin              ||     1
Dodge: Dodged            ||    16
